 Dungeon Crawl Stone Soup version 0.29-a0-732-g3d7fbe0af2 (webtiles) character file.

Game seed: 5908257907235007279

5304 snetch the Basher (level 10, -3/136 HPs)
             Began as a Minotaur Berserker on June 29, 2022.
             Was an Elder of Trog.
             Slain by a howler monkey (5 damage)
             ... while paralysed by a hornet
             ... on level 8 of the Dungeon.
             The game lasted 00:20:19 (9208 turns).

snetch the Basher (Minotaur Berserker)              Turns: 9208, Time: 00:20:22

Health: -3/136     AC: 16    Str: 26    XL:     10   Next: 37%
Magic:  9/9        EV:  2    Int:  4    God:    Trog [****..]
Gold:   348        SH:  0    Dex: 10    Spells: 9/9 levels left

rFire   + . .      SeeInvis .   b - +3 flail (protect)
rCold   . . .      Faith    .   H - +0 buckler
rNeg    . . .      Spirit   .   M - +2 chain mail {rF+}
rPois   .          Reflect  .   (helmet restricted)
rElec   .          Harm     .   K - +0 cloak
rCorr   .          Rampage  .   w - +0 pair of gloves
Will    .....                   q - +0 pair of boots
Stlth   ..........              F - amulet of the acrobat
HPRegen 0.32/turn               (no ring)
MPRegen 0.11/turn               (no ring)

@: paralysed, berserking, lethally poisoned (-3 -> -19), slowed
A: horns 2, retaliatory headbutt
a: Renounce Religion, Berserk, Trog's Hand, Brothers in Arms


You were on level 8 of the Dungeon.
You worshipped Trog.
Trog was greatly pleased with you.
You visited 2 branches of the dungeon, and saw 10 of its levels.

You collected 384 gold pieces.
You spent 36 gold pieces at shops.

Inventory:

Hand Weapons
 a - a +0 war axe
 b - a +3 flail of protection (weapon)
 c - a +2 trident of freezing
 y - a +0 halberd
 G - a +4 flail
 L - the +1 quarterstaff "Worreud" {flame, Str+2}
   (You found it on level 5 of the Dungeon)

   It burns those it strikes, dealing additional fire damage.
   Str:       It affects your strength (+2).
Missiles
 f - 63 stones (quivered)
 j - 4 javelins
 I - a boomerang
Armour
 g - a +0 plate armour
 q - a +0 pair of boots (worn)
 w - a +0 pair of gloves (worn)
 H - a +0 buckler (worn)
 K - a +0 cloak (worn)
 M - a +2 chain mail of fire resistance (worn)
Jewellery
 F - an amulet of the acrobat (around neck)
Wands
 u - a wand of mindburst (23)
 v - a wand of flame (8)
 x - a wand of digging (3)
Scrolls
 d - 11 scrolls of identify {unknown}
 h - 2 scrolls of enchant weapon {unknown}
 l - 4 scrolls of noise {unknown}
 m - a scroll of enchant armour {unknown}
 r - a scroll of blinking {unknown}
 s - 3 scrolls of brand weapon {unknown}
 z - a scroll of poison {unknown}
 B - 2 scrolls of silence {unknown}
 C - a scroll of fog {unknown}
 D - 4 scrolls of teleportation {unknown}
 E - 2 scrolls of immolation {unknown}
Potions
 e - 2 potions of heal wounds {unknown}
 i - 6 potions of curing {unknown}
 k - 3 potions of might
 n - 2 potions of cancellation {unknown}
 o - a potion of mutation {unknown}
 p - 2 potions of degeneration {unknown}
 t - a potion of invisibility {unknown}
 A - a potion of haste {unknown}
 J - 2 potions of lignification


   Skills:
 + Level 9.0 Fighting
 + Level 7.0(10.3) Axes
 + Level 11.9(12.6) Maces & Flails
 + Level 7.3 Armour
 + Level 5.5 Dodging
 + Level 1.2 Stealth
 + Level 3.0 Shields


You had 9 spell levels left.
You didn't know any spells.
Your spell library contained the following spells:

 Spells                   Type           Power      Damage    Failure   Level
 Shock                    Conj/Air       0%         1d3       99%         1
 Summon Small Mammal      Summ           0%         N/A       99%         1
 Call Canine Familiar     Summ           0%         N/A       100%        3
 Frozen Ramparts          Ice            0%         1d2       100%        3
 Ozocubu's Armour         Ice            0%         N/A       100%        3
 Summon Guardian Golem    Hex/Summ       0%         N/A       100%        3
 Swiftness                Air            0%         N/A       100%        3
 Airstrike                Air            0%         N/A       100%        4
 Ice Form                 Ice/Tmut       0%         N/A       100%        4
 Summon Ice Beast         Ice/Summ       0%         N/A       100%        4
 Ozocubu's Refrigeration  Ice            0%         4d5       100%        7


Dungeon Overview and Level Annotations

Branches:
Dungeon (9/15)             Temple (1/1) D:5
   Lair: D:8-11         Orc: D:9-12

Altars:
Ashenzari
Cheibriados
Dithmenos
Elyvilon
Fedhas
Gozag
Hepliaklqana
Kikubaaqudgha
Nemelex Xobeh
Okawaru
Qazlal
Ru
Sif Muna
Trog
Uskayaw
Vehumet
Wu Jian
Xom
Yredelemnul
Zin
The Shining One

Shops:
D:2 ([   D:5 *


Innate Abilities, Weirdness & Mutations

You have a pair of horns on your head.
You reflexively headbutt those who attack you in melee.


Message History

The howler monkey hoots and howls with incredible vigour!
You hear a shout!
The hornet attacks as you move away! The hornet stings you.
You feel yourself slow down. The hornet closely misses you.
The soul eater draws from the surrounding life force!
There is a stone staircase leading up here.
The hornet stings you but does no damage.
The howler monkey hits you.
The kobold demonologist looks braver for a moment.
The hornet stings you!
* * * LOW HITPOINT WARNING * * *
You feel as though you will be slow longer.
You climb upwards.
There is a stone staircase leading down here.
A red film seems to cover your vision as you go berserk!
You feel yourself moving faster!
You feel mighty!
You feel yourself speed up. The hornet stings you.
* * * LOW HITPOINT WARNING * * *
You are poisoned.
You feel yourself slow down. You block the howler monkey's attack.
The hornet stings you.
* * * LOW HITPOINT WARNING * * *
You suddenly lose the ability to move!
The howler monkey hits you but does no damage.
You feel sick. The hornet stings you.
* * * LOW HITPOINT WARNING * * *
You feel as though you will be slow longer.
The howler monkey hits you but does no damage.
The hornet stings you!
* * * LOW HITPOINT WARNING * * *
You feel as though you will be slow longer.
You feel sick.
The howler monkey hits you but does no damage.
The hornet stings you!
* * * LOW HITPOINT WARNING * * *
You are more poisoned.
You feel as though you will be slow longer.
The howler monkey hits you.
You die...

##.#.## ##...##
#.......... #.#.##
##.## #########..
.#.## #.# #.. #.##
#.# ##############..
## #..
................ #
.# #..# #.#########
#. #..###..##....[.
#.###........#.#####
#.y@...#..)#)).#
###h#.###.###.†#
#.#...###....###
#.#.###.###....#
#.#..#.).#)..#.#
#.##..)#...#...#
#.##.)###.###..#
#.#.....### ..#
#...### ...#


You could see a hornet and a howler monkey.

Vanquished Creatures
  Maggie (D:8)
  A hornet (D:7)
  Grinder (D:3)
  Prince Ribbit (D:8)
  A wyvern (D:7)
  4 yaks
  A steam dragon (D:7)
  A water moccasin (D:5)
  2 orc warriors
  2 black bears (D:6)
  2 ogres
  An ice beast (D:6)
  6 centaurs
  2 phantoms
  A gnoll sergeant (D:7)
  A necrophage (D:5)
  2 bullfrogs
  10 wights
  5 killer bees (D:8)
  4 howler monkeys
  3 hounds
  A gnoll shaman (D:4)
  6 jellies
  8 orc priests
  5 iguanas
  4 orc wizards
  13 gnolls
  8 adders
  A shadow imp (D:7)
  2 white imps (D:7)
  An ufetubus (D:7)
  A worm (D:5)
  3 dart slugs
  31 orcs
  5 ball pythons
  6 bats
  7 endoplasms
  3 giant cockroaches
  8 goblins
  9 hobgoblins
  A jackal (D:1)
  5 quokkas
  3 frilled lizards (D:1)
  4 kobolds
  7 rats
  A bush (D:6)
195 creatures vanquished.

Vanquished Creatures (others)
  An orc (D:8)
1 creature vanquished.

Grand Total: 196 creatures vanquished

Notes
Turn   | Place    | Note
-------+----------+-------------------------------------------
     0 | D:1      | snetch the Minotaur Berserker began the quest for the Orb.
     0 | D:1      | Reached XP level 1. HP: 19/19 MP: 0/0
   335 | D:2      | Reached XP level 2. HP: 14/27 MP: 1/1
   511 | D:2      | Found Jaungal's Antique Armour Shoppe.
  1082 | D:1      | Reached XP level 3. HP: 33/33 MP: 2/2
  1090 | D:1      | Reached ** piety under Trog
  1095 | D:1      | Found a faded altar of an unknown god.
  2205 | D:2      | Reached skill level 5 in Axes
  2205 | D:2      | Reached XP level 4. HP: 19/41 MP: 3/3
  2436 | D:2      | Found Ideghoq's Antique Weapon Shop.
  3030 | D:3      | Reached XP level 5. HP: 47/47 MP: 4/4
  3136 | D:3      | Noticed Grinder
  3143 | D:3      | Paralysed by Grinder for 4 turns
  3150 | D:3      | Killed Grinder
  3151 | D:3      | Reached skill level 5 in Fighting
  3151 | D:3      | Reached skill level 1 in Maces & Flails
  3151 | D:3      | Reached XP level 6. HP: 49/56 MP: 5/5
  3533 | D:4      | Reached skill level 2 in Maces & Flails
  3537 | D:4      | Reached *** piety under Trog
  3618 | D:4      | Found a white marble altar of Elyvilon.
  3690 | D:4      | Reached XP level 7. HP: 61/61 MP: 6/6
  3795 | D:5      | Entered Level 5 of the Dungeon
  3887 | D:4      | Reached skill level 3 in Maces & Flails
  3892 | D:4      | Reached skill level 5 in Armour
  4678 | D:5      | Reached skill level 4 in Maces & Flails
  4681 | D:5      | Found Vamuaqah's General Store.
  4683 | D:5      | Found Ugem's Specific Store.
  4695 | D:5      | Bought a potion of lignification for 36 gold pieces
  4952 | D:6      | Reached skill level 5 in Maces & Flails
  5073 | D:5      | Found a staircase to the Ecumenical Temple.
  5098 | D:5      | Reached XP level 8. HP: 70/70 MP: 7/7
  5100 | D:5      | Identified the +1 quarterstaff "Worreud" {flame, Str+2}
  5126 | D:6      | Reached skill level 6 in Maces & Flails
  5469 | Temple   | Entered the Ecumenical Temple
  5794 | D:6      | Reached **** piety under Trog
  5958 | D:6      | Reached skill level 7 in Maces & Flails
  6312 | D:6      | Reached skill level 8 in Maces & Flails
  6736 | D:6      | Reached skill level 1 in Shields
  6816 | D:6      | Reached XP level 9. HP: 79/79 MP: 8/8
  7210 | D:6      | Found a broken altar of Ashenzari.
  7210 | D:6      | Found a faded altar of an unknown god.
  7218 | D:6      | Found a sacrificial altar of Ru.
  7222 | D:6      | Found a snail-covered altar of Cheibriados.
  7224 | D:6      | Found a blossoming altar of Fedhas.
  7539 | D:7      | Reached skill level 9 in Maces & Flails
  7708 | D:7      | Reached skill level 5 in Dodging
  7708 | D:7      | Reached skill level 1 in Stealth
  8152 | D:7      | Reached skill level 10 in Maces & Flails
  8745 | D:8      | Noticed Prince Ribbit
  8771 | D:8      | Killed Prince Ribbit
  8772 | D:8      | Reached XP level 10. HP: 51/90 MP: 9/9
  9075 | D:9      | Reached skill level 11 in Maces & Flails
  9125 | D:8      | Noticed Maggie
  9139 | D:8      | Killed Maggie
  9198 | D:9      | Noticed a rust devil
  9199 | D:9      | Noticed a soul eater
  9206 | D:8      | Paralysed by a hornet for 3 turns
  9208 | D:8      | HP: 2/136 [hornet (7)]
  9208 | D:8      | Slain by a howler monkey

Illustrated notes

Levels and vault maps discovered:
D:1:      dpeg_arrival_brainrot, layout_loops_corners,
          hellmonk_ecumenical_altar_zigzags, minmay_split_cup_small
D:2:      cheibrodos_pilgrimage, layout_loops_corners, serial_shops, shop,
          nicolae_shop_stone
D:3:      layout_loops_cross, serial_bayou_pond_d, uniq_grinder
D:4:      layout_gridville, elyvilon_altar_4, minmay_misc_feat_roman
D:5:      layout_loops_ring, minmay_temple_entry_overgrown,
          amcnicky_mini_corridor_feature, nicolae_specific_store
D:6:      layout_basic, chequers_temple_overflow_minitemple,
          kb_lookout_dungeons_type
D:7:      layout_loops_ring
D:8:      minmay_inner_zag, layout_loops_ring, makhleb_grotto_becter,
          gammafunk_ghost_spectres, corexii_leaking_fountain, minmay_between,
          uniq_prince_ribbit1, uniq_maggie
D:9:      layout_big_octagon, lair_entry_dummy, serial_column_ruins,
          column_ruins_hut, column_ruins_open_small,
          column_ruins_corridor_straight, column_ruins_open_tiny,
          column_ruins_grid_1
Temple:   minmay_temple_bridge_d

Skill      XL: |  1  2  3  4  5  6  7  8  9 10 |
---------------+-------------------------------+-----
Fighting       | 4 5 6 7 8 9 |  9.0
Axes           | 4 5 6 7 |  7.0
Armour         | 3 4 5 6 7 |  7.3
Maces & Flails | 1 2 5 8 10 11 | 11.9
Dodging        | 3 5 |  5.5
Shields        | 1 2 3 |  3.0
Stealth        | 1 |  1.2

Action                   |  1- 3 |  4- 6 |  7- 9 | 10-12 || total
-------------------------+-------+-------+-------+-------++-------
Melee: Hand axe          |    59 |       |       |       ||    59
       Headbutt          |     7 |    11 |    72 |     7 ||    97
       War axe           |    44 |     7 |       |       ||    51
       Punch             |     1 |     1 |       |       ||     2
       Flail             |       |    50 |   104 |    48 ||   202
       Mace              |       |    13 |   278 |       ||   291
Throw: Stone             |       |     3 |       |       ||     3
Invok: Berserk           |       |     2 |       |     2 ||     4
       Trog's Hand       |       |     1 |       |       ||     1
Armor: Animal skin       |     5 |       |       |       ||     5
       Plate armour      |    65 |    76 |    21 |       ||   162
       Ring mail         |       |       |   123 |       ||   123
       Chain mail        |       |       |    19 |    28 ||    47
Dodge: Dodged            |    46 |    41 |   210 |    33 ||   330
Block: Buckler           |       |       |    50 |    12 ||    62

Table legend: (Time is in decaauts)
 A = Elapsed time spent in this place.
 B = Non-inter-level travel time spent in this place.
 C = Inter-level travel time spent in this place.
 D = Time resting spent in this place.
 E = Time spent auto-exploring this place.
 F = Levels seen in this place.
 G = Mean time per level.
                   A        B        C        D        E       F      G
               +--------+--------+--------+--------+--------+-----+--------+
         Total |   9269 |   8757 |    512 |      0 |   6561 |  10 |  926.9 |
       Dungeon |   9050 |   8611 |    439 |      0 |   6469 |   9 | 1005.6 |
        Temple |    219 |    146 |     73 |      0 |     92 |   1 |  219.0 |
               +--------+--------+--------+--------+--------+-----+--------+

Top non-repeatable levels by time:
     D:6: 1622 daAuts
     D:1: 1511 daAuts
     D:2: 1240 daAuts
     D:4: 1098 daAuts
     D:8: 939 daAuts
     D:5: 924 daAuts
     D:7: 887 daAuts
     D:3: 761 daAuts
  Temple: 219 daAuts
     D:9: 64 daAuts
